 Dungeon Crawl Stone Soup version 0.26.1-11-gd32895ea62 (webtiles) character file.

Game seed: 18181139156896549145

1199 Zeld the Cruncher (level 8, -4/50 HPs)
             Began as an Octopode Gladiator on May 19, 2021.
             Slain by an iguana (13 damage)
             ... on level 5 of the Dungeon.
             The game lasted 00:04:15 (4901 turns).

Zeld the Cruncher (Octopode Gladiator)              Turns: 4901, Time: 00:04:16

Health: -4/50      AC:  2    Str: 13    XL:     8   Next: 44%
Magic:  8/8        EV: 14    Int: 13    God:
Gold:   171        SH:  0    Dex: 16    Spells: 7/7 levels left

rFire    + . .     SeeInvis .   q - +3 quarterstaff of Fopniyh {elec, Fragile rF+ Int+3}
rCold    . . .     Faith    .   (shield currently unavailable)
rNeg     . . .     Spirit   .   u - +1 hat
rPois    .         Reflect  .   (no amulet)
rElec    .         Harm     .   (no ring)
rCorr    .         Rampage  .   (no ring)
Will     .....                  (no ring)
Stlth    ++........             (no ring)
HPRegen  0.16/turn              (no ring)
MPRegen  0.11/turn              (no ring)
                                (no ring)
                                (no ring)

@: no status effects
A: almost no armour, stealthy swim, amphibious, 8 rings, constrict 8, camouflage
1, gelatinous body 1
a: no special abilities


You were on level 5 of the Dungeon.
You visited 1 branch of the dungeon, and saw 5 of its levels.

You collected 171 gold pieces.

Inventory:

Hand Weapons
 a - a +0 quarterstaff
 q - the +3 quarterstaff of Fopniyh (weapon) {elec, Fragile rF+ Int+3}
   (You found it on level 4 of the Dungeon)

   Occasionally, upon striking a foe, it can discharge electrical energy and
   cause terrible harm.
   It affects your intelligence (+3).
   It protects you from fire.
   It will be destroyed if unequipped.
Missiles
 c - 3 throwing nets (quivered)
Armour
 u - a +1 hat (worn)
Jewellery
 h - an uncursed ring of ice {unknown}
 l - a +6 ring of strength {unknown}
 n - an uncursed ring of wizardry {unknown}
Wands
 t - a wand of flame (13)
 v - a wand of enslavement (8)
Scrolls
 b - 2 scrolls of fear {unknown}
 d - 8 scrolls of identify {unknown}
 e - 3 scrolls of enchant weapon {unknown}
 j - 2 scrolls of immolation {unknown}
 k - a scroll of magic mapping {unknown}
 o - 3 scrolls of remove curse {unknown}
 s - a scroll of enchant armour {unknown}
Potions
 f - a potion of heal wounds {unknown}
 g - a potion of degeneration {unknown}
 i - a potion of curing
 m - a potion of flight {unknown}
 p - a potion of might {unknown}
 r - a potion of resistance {unknown}


   Skills:
 - Level 2.0 Fighting
 * Level 8.6 Staves
 - Level 6.0 Throwing
 - Level 3.0 Dodging


You had 7 spell levels left.
You didn't know any spells.
Your spell library contained the following spells:

 Spells                   Type           Power        Failure   Level
 Magic Dart               Conj           0%           30%         1
 Blink                    Tloc           N/A          43%         2
 Call Imp                 Summ           0%           43%         2
 Slow                     Hex            0%           43%         2
 Conjure Flame            Conj/Fire      0%           67%         3
 Mephitic Cloud           Conj/Pois/Air  0%           67%         3


Dungeon Overview and Level Annotations

Branches:
Dungeon (5/15)
 Temple: D:4-7

Altars:
Cheibriados
Nemelex Xobeh
Ru
Trog


Innate Abilities, Weirdness & Mutations

You cannot wear most types of armour.
You are very stealthy in the water. (Stealth+)
You are amphibious.
You can wear up to eight rings at the same time.
You can use your tentacles to constrict eight enemies at once.
Your skin changes colour to match your surroundings (Stealth+).
Your rubbery body absorbs attacks. (AC +1, EV +1)


Message History

The centaur shoots an arrow.
The arrow hits you!
* * * LOW HITPOINT WARNING * * *
The jackal skeleton bites you but does no damage.
You are too injured to fight recklessly!
You feel sick.
You feel sick.
Okay, then.
You hit the centaur.
The centaur is lightly wounded.
You feel sick.
A giant cockroach comes into view.
The centaur hits you with a cursed -3 shortbow!
* * * LOW HITPOINT WARNING * * *
Unknown command.
It was a potion of curing.
You feel better.
The centaur hits you with a cursed -3 shortbow!
* * * LOW HITPOINT WARNING * * *
Unknown command.
You feel better. The centaur barely misses you. The iguana bites you!
You die...

#. . . ## #.#.# . ###.###
##?..##+. #>.#... ...#...#
##....## ##...#$#
#......#####...B#.#
#....#.##(##....#†#
###.......#.#..l#cZ.#
.#..>...........@##+.....+
.............#...# ..#.#
........###......# #..
................#.. #.
...#........##.......
............##........
............#.....##..
.........#......... ..
.##....##.<...#


You could see a centaur, an iguana, a giant cockroach and a jackal skeleton.

Vanquished Creatures
  Pikel (D:3)
  Sigmund (D:4)
  A phantom (D:4)
  2 lemures
  A howler monkey (D:4)
  A centaur zombie (D:5)
  2 iguanas
  Natasha (thrice) (D:4)
  4 worker ants
  6 adders
  4 gnolls
  A white imp (D:5)
  An ufetubus (D:5)
  2 oozes
  An adder zombie (D:5)
  2 adder skeletons (D:4)
  A dart slug (D:2)
  A worm (D:3)
  3 leopard geckos
  3 orcs
  3 giant cockroaches
  6 goblins
  12 hobgoblins
  8 jackals
  3 quokkas
  A ball python (D:2)
  11 bats
  7 frilled lizards
  2 kobolds (D:1)
  6 rats
100 creatures vanquished.

Notes
Turn   | Place    | Note
-------+----------+-------------------------------------------
     0 | D:1      | Zeld the Octopode Gladiator began the quest for the Orb.
     0 | D:1      | Reached XP level 1. HP: 14/14 MP: 1/1
   241 | D:1      | Reached XP level 2. HP: 19/19 MP: 2/2
   447 | D:1      | Reached XP level 3. HP: 24/24 MP: 3/3
  1555 | D:2      | Reached skill level 4 in Staves
  1555 | D:2      | Reached XP level 4. HP: 29/29 MP: 4/4
  1936 | D:3      | Reached XP level 5. HP: 24/34 MP: 5/5
  2594 | D:3      | Found a bloodstained altar of Trog.
  2599 | D:3      | Found a sparkling altar of Nemelex Xobeh.
  2600 | D:3      | Found a snail-covered altar of Cheibriados.
  2603 | D:3      | Found a sacrificial altar of Ru.
  2842 | D:4      | Got a brightly glowing quarterstaff
  2969 | D:4      | Noticed a phantom
  2971 | D:4      | Identified the +3 quarterstaff of Fopniyh {elec, Fragile
                  | rF+ Int+3} (You found it on level 4 of the Dungeon)
  2985 | D:4      | Killed a phantom
  2986 | D:4      | Reached skill level 5 in Staves
  2986 | D:4      | Reached XP level 6. HP: 16/39 MP: 6/6
  3192 | D:4      | Noticed Sigmund
  3194 | D:4      | Noticed Natasha
  3567 | D:4      | Killed Sigmund
  3568 | D:4      | Reached skill level 5 in Throwing
  3568 | D:4      | Reached XP level 7. HP: 33/45 MP: 7/7
  3695 | D:4      | Noticed Pikel
  4027 | D:3      | Killed Pikel
  4028 | D:3      | Reached skill level 7 in Staves
  4028 | D:3      | Reached XP level 8. HP: 21/50 MP: 8/8
  4410 | D:4      | Killed Natasha
  4417 | D:4      | Noticed Natasha
  4427 | D:4      | Killed Natasha
  4428 | D:4      | Reached skill level 8 in Staves
  4554 | D:4      | Noticed Natasha
  4558 | D:4      | Killed Natasha
  4695 | D:5      | Entered Level 5 of the Dungeon
  4901 | D:5      | Slain by an iguana

Illustrated notes

Levels and vault maps discovered:
D:1:      ebering_hopf_link, layout_loops_ring, hex_medium
D:2:      layout_basic, st_stairs_9
D:3:      layout_rooms, overflow_temple_1_default,
          chequers_temple_overflow_statue_of_worship
D:4:      layout_rooms, uniq_pikel, uniq_sigmund, uniq_natasha
D:5:      layout_cave_pools, minmay_fractal_squares_diagonal_5,
          uniq_blork_the_orc

Skill      XL: |  1  2  3  4  5  6  7  8 |
---------------+-------------------------+-----
Throwing       | 3 4 5 6 |  6.0
Staves         | 4 5 7 8 |  8.6
Fighting       | |  2.0
Dodging        | |  3.0

Action                   |  1- 3 |  4- 6 |  7- 9 || total
-------------------------+-------+-------+-------++-------
Melee: Quarterstaff      |    56 |    79 |    57 ||   192
       Tentacles         |     8 |    14 |    17 ||    39
       Constrict         |    17 |    20 |    13 ||    50
  Use: Potion            |       |       |     2 ||     2
 Stab: Sleeping          |    10 |     3 |       ||    13
       Distracted        |     1 |       |       ||     1
Armor: Skin              |     2 |     6 |     3 ||    11
Dodge: Dodged            |    32 |    51 |    37 ||   120
